 Dungeon Crawl Stone Soup version 0.22.0-25-g7663229ff0 (webtiles) character file.

34 LLavrengius the Vandal (level 3, 0/23 HPs)
             Began as a Halfling Arcane Marksman on Aug 20, 2018.
             Slain by an adder (4 damage)
             ... on level 2 of the Dungeon.
             The game lasted 00:04:32 (940 turns).

LLavrengius the Vandal (Halfling Arcane Marksman)    Turns: 940, Time: 00:04:33

Health: 0/23       AC:  3    Str: 12    XL:     3   Next: 50%
Magic:  4/4        EV: 14    Int: 11    God:
Gold:   67         SH:  0    Dex: 14    Spells: 0/4 levels left

rFire    . . .     SeeInvis .   a - +0 hunting sling
rCold    . . .     Gourm    .   (shield restricted)
rNeg     . . .     Faith    .   k - +0 leather armour
rPois    .         Spirit   .   (no helmet)
rElec    .         Reflect  .   (no cloak)
rCorr    .         Harm     .   (no gloves)
MR       .....                  (no boots)
Stlth    +.........             (no amulet)
HPRegen  0.07/turn              (no ring)
MPRegen  0.09/turn              (no ring)

@: lethally poisoned (0 -> -6)
A: small, mutation resistance 1
a: no special abilities


You were on level 2 of the Dungeon.
You were not hungry.

You visited 1 branch of the dungeon, and saw 2 of its levels.

You collected 67 gold pieces.

Inventory:

Hand Weapons
 a - a +0 hunting sling (weapon)
 g - a +0 dagger
Missiles
 d - 13 sling bullets
 h - 39 stones (quivered)
Armour
 c - a +0 shield
 k - a +0 leather armour (worn)
Scrolls
 e - a scroll of magic mapping {unknown}
 i - a scroll of remove curse {unknown}
 j - a scroll of teleportation {unknown}
Potions
 b - a potion of ambrosia {unknown}
 l - 3 potions of curing {unknown}
 m - a potion of invisibility {unknown}
 n - a potion of heal wounds {unknown}
Comestibles
 f - 7 rations


   Skills:
 + Level 1.5 Fighting
 * Level 4.5 Slings
 - Level 2.1 Dodging
 + Level 0.8 Shields
 - Level 1.0 Spellcasting
 - Level 2.4 Hexes


You couldn't memorise any spells.
You knew the following spells:

 Your Spells              Type           Power        Failure   Level  Hunger
a - Corona                Hex            #......      16%         1    ##.....
b - Portal Projectile     Hex/Tloc       #.....       58%         3    ####...

Your spell library contained the following spells:

 Spells                   Type           Power        Failure   Level  Hunger
 Slow                     Hex            #.......     24%         2    ###....
 Inner Flame              Hex/Fire       #.......     58%         3    ####...
 Cause Fear               Hex            #.........   83%         4    #####..
 Leda's Liquefaction      Hex/Erth       #.........   94%         4    #####..


Dungeon Overview and Level Annotations

Branches:
Dungeon (2/15)

Altars:


Innate Abilities, Weirdness & Mutations

You are small and have problems with some larger weapons.
You are somewhat resistant to further mutation.


Message History

The adder is heavily wounded.
* * * LOW HITPOINT WARNING * * *
You feel sick. The adder completely misses you.
Firing (i - inventory. (/) - cycle)
h - 42 stones (quivered)
Press: ? - help, Shift-Dir - straight line, f/p - adder
Aim: an adder (heavily wounded)
You shoot a stone. The stone closely misses the adder.
* * * LOW HITPOINT WARNING * * *
You feel sick. The adder barely misses you.
Firing (i - inventory. (/) - cycle)
h - 41 stones (quivered)
Press: ? - help, Shift-Dir - straight line, f/p - adder
Aim: an adder (heavily wounded)
You shoot a stone. The stone misses the adder.
The adder completely misses you.
Firing (i - inventory. (/) - cycle)
h - 40 stones (quivered)
Press: ? - help, Shift-Dir - straight line, f/p - adder
Aim: an adder (heavily wounded)
You shoot a stone. The stone misses the adder.
* * * LOW HITPOINT WARNING * * *
You feel sick. The adder bites you.
You die...

## ## .# ) .. .. .#. .#### ...
....# #### #.# ... ... #.# .#
######.#####.## .#
((.(..S@...†..# .#
###..#.#####..# .# #..#.# #..#
.# #..#.#####..######.# .######
#....#.............#
......######.#..#.###..########
.####...........#.# #..## .#
########..#.#.###...# .#
#.>..........#


You could see an adder.

Vanquished Creatures
  A leopard gecko (D:1)
  A bat (D:2)
  4 giant cockroaches
  8 goblins (D:1)
  3 hobgoblins
  2 frilled lizards (D:1)
  6 kobolds
  5 rats (D:1)
30 creatures vanquished.

Notes
Turn   | Place    | Note
-------+----------+-------------------------------------------
     0 | D:1      | LLavrengius the Halfling Arcane Marksman began the quest for the Orb.
     0 | D:1      | Reached XP level 1. HP: 12/12 MP: 2/2
    10 | D:1      | Reached skill level 1 in Fighting
    71 | D:1      | Reached XP level 2. HP: 18/18 MP: 3/3
   142 | D:1      | Reached skill level 4 in Slings
   296 | D:1      | Reached XP level 3. HP: 23/23 MP: 4/4
   689 | D:1      | Learned a level 3 spell: Portal Projectile
   940 | D:2      | Slain by an adder

Skill      XL: |  1  2 |
---------------+-------+-----
Fighting       | 1 |  1.5
Slings         | 4 |  4.5
Dodging        | |  2.1
Shields        | |  0.8
Spellcasting   | |  1.0
Hexes          | |  2.4

Action                   || total
-------------------------++-------
 Fire: Hunting sling     ||   100
Armor: Leather armour    ||     4
Dodge: Dodged            ||    23
